 Dungeon Crawl Stone Soup version 0.22-a0-448-g1fb7470 (webtiles) character file.

21 ohad the Slasher (level 2, -5/22 HPs)
             Began as a Demonspawn Gladiator on June 4, 2018.
             Killed from afar by Natasha (7 damage)
             ... with a magic dart
             ... on level 2 of the Dungeon.
             The game lasted 00:02:13 (930 turns).

ohad the Slasher (Demonspawn Gladiator)              Turns: 930, Time: 00:02:15

Health: -5/22      AC:  4    Str: 14    XL:     2   Next: 65%
Magic:  2/2        EV: 12    Int:  9    God:
Gold:   35         SH:  0    Dex: 14    Spells: 1/1 levels left

rFire    . . .     SeeInvis .   a - +0 long sword
rCold    . . .     Gourm    .   (no shield)
rNeg     . . .     Faith    .   b - +0 leather armour
rPois    .         Spirit   .   c - +0 helmet
rElec    .         Reflect  .   (no cloak)
rCorr    .         Harm     .   (no gloves)
MR       .....                  (no boots)
Stlth    +.........             (no amulet)
HPRegen  0.07/turn              (no ring)
MPRegen  0.08/turn              (no ring)

@: no status effects
A: spiny 1
a: no special abilities


You were on level 2 of the Dungeon.
You were not hungry.

You visited 1 branch of the dungeon, and saw 2 of its levels.

You collected 35 gold pieces.

Inventory:

Hand Weapons
 a - a +0 long sword (weapon)
Missiles
 d - 3 throwing nets (quivered)
 h - 13 poisoned needles
Armour
 b - a +0 leather armour (worn)
 c - a +0 helmet (worn)
Scrolls
 g - a scroll of teleportation {unknown}
 i - a scroll of noise {unknown}
 j - 2 scrolls of identify {unknown}
Potions
 e - a potion of curing {unknown}
Comestibles
 f - a ration


   Skills:
 - Level 2.0 Fighting
 + Level 3.6 Long Blades
 - Level 1.7 Throwing
 - Level 2.6 Dodging


You had one spell level left.
You didn't know any spells.
Your spell library was empty.

Dungeon Overview and Level Annotations

Branches:
Dungeon (2/15)

Altars:

Annotations:
D:2 Natasha


Innate Abilities, Weirdness & Mutations

You are partially covered in sharp spines.


Message History

You barely miss Natasha.
Natasha is severely wounded.
The crimson imp blinks!
Natasha misses you.
You riposte.
You hit Natasha.
Natasha is severely wounded.
You hit Natasha.
Natasha is almost dead.
Natasha barely misses you.
You hit Natasha.
Natasha is almost dead.
Natasha stares at you and mumbles some strange words.
The magic dart hits you!
* * * LOW HITPOINT WARNING * * *
You barely miss Natasha.
Natasha is almost dead.
Natasha casts a spell at you. You resist with significant effort.
Natasha growls.
Natasha casts a spell at you. The magic dart hits you!
You die...

#### #..
##.. 55#
#h#
#######@#
#....##.#
#....##.#
#....##.#
#....##.#
#....##.#
#....##.#
#.......#
#.....###


You could see Natasha and 2 crimson imps.

Vanquished Creatures
  2 leopard geckos (D:1)
  3 bats (D:1)
  A giant cockroach (D:1)
  2 goblins
  3 jackals (D:1)
  3 frilled lizards (D:1)
  3 kobolds (D:1)
  2 rats (D:1)
19 creatures vanquished.

Notes
Turn   | Place    | Note
-------+----------+-------------------------------------------
     0 | D:1      | ohad the Demonspawn Gladiator began the quest for the Orb.
     0 | D:1      | Reached XP level 1. HP: 16/16 MP: 1/1
    33 | D:1      | Reached skill level 3 in Long Blades
   203 | D:1      | Gained mutation: You are partially covered in sharp spines. [demonic ancestry]
   203 | D:1      | Reached XP level 2. HP: 19/22 MP: 2/2
   917 | D:2      | Noticed Natasha
   920 | D:2      | Noticed a crimson imp
   924 | D:2      | Noticed a crimson imp
   930 | D:2      | Killed from afar by Natasha

Vault maps used:
D:1:      elethiomel_arrival_infinity_welcomes_careful_drivers
D:2:      minitemple, first_ration, grunt_qazlal_clouds,
          uniq_crazy_yiuf_cottage, uniq_natasha, uniq_terence, uniq_jessica

Skill      XL: |  1 |
---------------+----+-----
Long Blades    | 3 |  3.6
Fighting       | |  2.0
Throwing       | |  1.7
Dodging        | |  2.6

Action                   || total
-------------------------++-------
Melee: Long sword        ||    49
Armor: Leather armour    ||    26
Dodge: Dodged            ||    35
       Rpst.: Long sword ||    15

Table legend:
 A = Spawn XP
 B = Non-spawn XP
 C = Spawn XP percentage of total XP
 D = Spawn monster count
 E = Non-spawn monster count
 F = Spawn count percentage of total count
 G = Total turns spent on level
                    A         B        C        D         E        F      G
               +---------+---------+-------+---------+---------+-------+---------
         Total |       0 |      31 |   0.0 |       0 |      19 |   0.0 |   930
               +---------+---------+-------+---------+---------+-------+---------
           D:1 |       0 |      29 |   0.0 |       0 |      18 |   0.0 |   894
           D:2 |       0 |       2 |   0.0 |       0 |       1 |   0.0 |    36
               +---------+---------+-------+---------+---------+-------+---------
